 Dungeon Crawl Stone Soup version 0.23-a0-558-g30802b1 (webtiles) character file.

70 zishaf the Poker (level 4, 0/37 HPs)
             Began as a Merfolk Monk on Dec 12, 2018.
             Slain by an adder (4 damage)
             ... on level 2 of the Dungeon.
             The game lasted 00:03:31 (2000 turns).

zishaf the Poker (Merfolk Monk)                     Turns: 2000, Time: 00:03:32

Health: 0/37       AC:  3    Str: 11    XL:     4   Next: 22%
Magic:  4/4        EV: 14    Int: 10    God:
Gold:   83         SH:  0    Dex: 16    Spells: 3/3 levels left

rFire    . . .     SeeInvis .   a - +0 spear
rCold    . . .     Gourm    .   (no shield)
rNeg     + . .     Faith    .   d - +0 leather armour
rPois    .         Spirit   .   (no helmet)
rElec    .         Reflect  .   (no cloak)
rCorr    .         Harm     .   (no gloves)
MR       +....                  (no boots)
Stlth    ++........             (no amulet)
HPRegen  0.12/turn              h - ring of positive energy
MPRegen  0.09/turn              m - ring of protection from magic

@: lethally poisoned (0 -> -11)
A: change form in water, swift swim, stealthy swim
a: no special abilities


You were on level 2 of the Dungeon.
You were hungry.

You visited 1 branch of the dungeon, and saw 2 of its levels.

You collected 83 gold pieces.

Inventory:

Hand Weapons
 a - a +0 spear (weapon)
Missiles
 o - 3 javelins (quivered)
Armour
 b - a +0 robe
 d - a +0 leather armour (worn)
Jewellery
 h - a ring of positive energy (left hand)
 m - a ring of protection from magic (right hand)
Scrolls
 f - a scroll of teleportation {unknown}
 i - a scroll of enchant weapon {unknown}
 k - 2 scrolls of remove curse {unknown}
 p - a scroll of noise {unknown}
 r - a scroll of fear {unknown}
Potions
 e - a potion of haste {unknown}
 g - a potion of curing {unknown}
 j - a potion of flight {unknown}
 l - a potion of degeneration {unknown}
 n - a potion of cancellation {unknown}
Comestibles
 c - 2 rations
 q - 2 chunks of flesh


   Skills:
 + Level 4.1 Fighting
 + Level 5.4 Polearms
 + Level 5.0 Dodging
 - Level 2.1 Stealth


You had 3 spell levels left.
You didn't know any spells.
Your spell library was empty.

Dungeon Overview and Level Annotations

Branches:
Dungeon (2/15)

Altars:
Dithmenos


Message History

The adder is heavily wounded.
You feel sick. The adder barely misses you.
You completely miss the adder.
The adder is heavily wounded.
You feel sick. The adder closely misses you.
You barely miss the adder.
The adder is heavily wounded.
The adder bites you.
* * * LOW HITPOINT WARNING * * *
You are more poisoned.
The adder poisons you!
You closely miss the adder.
The adder is heavily wounded.
* * * LOW HITPOINT WARNING * * *
You feel sick. The adder closely misses you.
You closely miss the adder.
The adder is heavily wounded.
* * * LOW HITPOINT WARNING * * *
You feel sick. The adder bites you.
You die...

#..### ##...#.
###....# ##.##. #
#......# #.##.
#.#####.###..#
#.### #.......#
#..# #.#
####.)#.###..#
###.### #..#......#
#.....#
#.§.#####.###.....#
#.@§§§# #.(.......#
K#####.S.§§#
#.###..)..#
.........§.#
#.....#
.#####..#.##
###.... #..#.#
#..#. ....... ##...
##....... ....#.#
.#.....## ###.#.#
##.#.#..# #.#.#


You could see an adder.

Vanquished Creatures
  A howler monkey zombie (D:2)
  2 adders
  An ooze (D:1)
  A worm (D:2)
  A dart slug (D:1)
  4 leopard geckos
  A ball python (D:2)
  2 giant cockroaches (D:1)
  3 goblins
  2 hobgoblins
  4 bats
  A frilled lizard (D:2)
  A kobold (D:1)
  6 rats
30 creatures vanquished.

Notes
Turn   | Place    | Note
-------+----------+-------------------------------------------
     0 | D:1      | zishaf the Merfolk Monk began the quest for the Orb.
     0 | D:1      | Reached XP level 1. HP: 18/18 MP: 1/1
   143 | D:1      | Reached XP level 2. HP: 19/24 MP: 2/2
   566 | D:1      | Reached XP level 3. HP: 30/30 MP: 3/3
   682 | D:2      | Reached skill level 5 in Polearms
  1751 | D:2      | Reached XP level 4. HP: 31/37 MP: 4/4
  1832 | D:2      | Reached skill level 5 in Dodging
  1971 | D:2      | Found a shadowy altar of Dithmenos.
  2000 | D:2      | Slain by an adder

Vault maps used:
D:1:      lordsloth_arrival_two_stooges, minmay_split_cup_large
D:2:      gammafunk_temple_overflow_arena, grunt_dithmenos_smoke

Skill      XL: |  1  2  3  4 |
---------------+-------------+-----
Polearms       | 5 |  5.4
Fighting       | 4 |  4.1
Dodging        | 5 |  5.0
Stealth        | |  2.1

Action                   |  1- 3 |  4- 6 || total
-------------------------+-------+-------++-------
Melee: Spear             |   137 |    40 ||   177
Throw: Javelin           |     6 |       ||     6
 Stab: Sleeping          |    10 |       ||    10
  Eat: Chunk             |     1 |     2 ||     3
Armor: Leather armour    |    14 |     2 ||    16
Dodge: Dodged            |    58 |    20 ||    78

Table legend:
 A = Non-vault XP
 B = Vault XP
 C = Vault XP percentage of total XP
 D = Non-vault monster count
 E = Vault monster count
 F = Vault count percentage of total count
                 A         B        C        D         E       F
            +---------+---------+-------+---------+---------+-------
      Total |      94 |       7 |   6.9 |      26 |       4 |  13.3
            +---------+---------+-------+---------+---------+-------
        D:1 |      41 |       7 |  14.6 |      14 |       4 |  22.2
        D:2 |      53 |       0 |   0.0 |      12 |       0 |   0.0
            +---------+---------+-------+---------+---------+-------
